 Dungeon Crawl Stone Soup version 0.28-a0-1206-g193881aaa2 (webtiles) character file.

Game seed: 8589889008748231009

9765 AigisTheKnight the Geomancer (level 11, -10/79 HPs)
             Began as a Grey Draconian Air Elementalist on Dec 20, 2021.
             Was a Priest of Vehumet.
             Mangled by a sun demon (18 damage)
             ... in a volcano on Dec 21, 2021.
             The game lasted 00:50:19 (13411 turns).

AigisTheKnight the Geomancer (DrAE)                Turns: 13411, Time: 00:50:19

Health: -10/79     AC: 17    Str: 11    XL:     11   Next: 27%
Magic:  0/22       EV: 18    Int: 19    God:    Vehumet [***...]
Gold:   301        SH:  0    Dex: 12    Spells: 17/24 levels left

rFire   . . .      SeeInvis .   S - +2 dire flail (protect)
rCold   . . .      Faith    .   (shield currently unavailable)
rNeg    . . .      Spirit   .   (armour unavailable)
rPois   +          Reflect  .   (helmet restricted)
rElec   .          Harm     .   l - +0 cloak
rCorr   .          Rampage  .   o - +2 pair of gloves
Will    .....                   P - +0 pair of boots {Fly}
Stlth   ++++......              h - amulet of regeneration
HPRegen 1.03/turn               i - ring of poison resistance
MPRegen 0.18/turn               v - +4 ring of evasion

@: flying
A: AC +12, amphibious, unfitting armour, cold-blooded
a: Renounce Religion


You were in a volcano.
You worshipped Vehumet.
Vehumet was most pleased with you.
You visited 3 branches of the dungeon, and saw 12 of its levels.
You also visited: Volcano.

You collected 587 gold pieces.
You spent 286 gold pieces at shops.

Inventory:

Hand Weapons
 a - a +0 short sword
 b - a +0 short sword
 c - a +0 quarterstaff
 m - a +0 quarterstaff
 t - a +0 whip of electrocution
 D - a +2 shortbow of freezing
 F - a +2 dire flail
 J - a +3 dagger of flaming
 S - a +2 dire flail of protection (weapon)
 W - a +5 dire flail
Missiles
 A - 3 atropa-tipped darts
 B - 49 poisoned darts
 E - 103 arrows
 K - 2 throwing nets
 M - a curare-tipped dart (quivered)
Armour
 l - a +0 cloak (worn)
 o - a +2 pair of gloves (worn)
 u - a scarf of harm
 P - a +0 pair of boots of flying (worn)
Magical Staves
 p - a staff of fire
 U - a staff of cold
Jewellery
 d - a ring of wizardry
 h - an amulet of regeneration (around neck)
 i - a ring of poison resistance (left hand)
 v - a +4 ring of evasion (right hand)
 N - an amulet of magic regeneration
 X - an amulet of faith
Wands
 z - a wand of digging (7)
Scrolls
 f - 4 scrolls of identify
 j - 4 scrolls of teleportation
 n - 2 scrolls of amnesia {unknown}
 r - a scroll of magic mapping {unknown}
 w - a scroll of acquirement {unknown}
 x - a scroll of blinking {unknown}
 y - a scroll of fog {unknown}
 C - a scroll of brand weapon {unknown}
 G - a scroll of noise {unknown}
 L - 2 scrolls of torment {unknown}
 T - a scroll of enchant weapon {unknown}
Potions
 e - a potion of resistance
 g - 6 potions of curing
 k - 3 potions of heal wounds
 q - 4 potions of attraction
 s - a potion of degeneration
 I - a potion of magic {unknown}
 O - a potion of mutation {unknown}
 Q - a potion of lignification {unknown}
 R - a potion of flight {unknown}
 V - a potion of might


   Skills:
 + Level 2.1 Fighting
 * Level 2.6(2.9) Maces & Flails
 - Level 1.3(2.2) Staves
 + Level 7.2 Dodging
 + Level 8.0 Stealth
 + Level 7.4 Spellcasting
 + Level 7.8 Conjurations
 - Level 3.6 Air Magic
 + Level 8.3 Earth Magic


You had 17 spell levels left.
You knew the following spells:

 Your Spells              Type           Power      Damage    Failure   Level
a - Shock                 Conj/Air       100%       1d9       1%          1
b - Swiftness             Air            20%        N/A       7%          3
c - Stone Arrow           Conj/Erth      74%        3d11      1%          3

Your spell library contained the following spells:

 Spells                   Type           Power      Damage    Failure   Level
 Conjure Flame            Conj/Fire      21%        6-21      1%          3
 Magic Dart               Conj           100%       1d8       1%          1
 Poisonous Vapours        Pois/Air       26%        N/A       1%          2
 Searing Ray              Conj           72%        2d7       1%          2
 Static Discharge         Conj/Air       28%        N/A       1%          2
 Fulminant Prism          Conj/Hex       10%        3d9       5%          4
 Airstrike                Air            10%        N/A       6%          4
 Corpse Rot               Necr/Air       26%        N/A       7%          2
 Ozocubu's Armour         Ice            7%         N/A       28%         3
 Lehudib's Crystal Spear  Conj/Erth      18%        10d6      99%         8
 Ozocubu's Refrigeration  Ice            3%         4d5       100%        7
 Animate Armour           Summ/Erth      Unusable   N/A       N/A         4

Dungeon Overview and Level Annotations

Branches:
Dungeon (10/15)            Temple (1/1) D:4            Lair (1/6) D:9
    Orc (0/2) D:9         Volcano (1/1)

Altars:
Ashenzari
Cheibriados
Dithmenos
Elyvilon
Fedhas
Gozag
Hepliaklqana
Kikubaaqudgha
Makhleb
Nemelex Xobeh
Qazlal
Ru
Sif Muna
Trog
Uskayaw
Vehumet
Wu Jian
Xom
Zin
The Shining One

Shops:
D:3 !   D:6 *   D:7 *   D:9 ([

Annotations:
D:5 Blork the orc


Innate Abilities, Weirdness & Mutations

Your dull iron-grey scales are very hard. (AC +12)
You are amphibious.
You cannot fit into any form of body armour.
You are cold-blooded and may be slowed by cold attacks.


Message History

Aim: a sun demon (almost dead, 67% to hit)
The stone arrow misses the sun demon.
The sun demon hits you but does no damage.
Unknown command.
Casting: Stone Arrow (safe; 1% risk of failure)
Confirm with . or Enter, or press ? or * to list all spells.
Aiming: Stone Arrow (safe; 1% risk of failure)
Press: ? - help, Shift-Dir - straight line, f/p - sun demon
Aim: a sun demon (almost dead, 67% to hit)
The stone arrow misses the sun demon.
The sun demon barely misses you. x2
Unknown command.
Casting: Stone Arrow (safe; 1% risk of failure)
Confirm with . or Enter, or press ? or * to list all spells.
Aiming: Stone Arrow (safe; 1% risk of failure)
Press: ? - help, Shift-Dir - straight line, f/p - sun demon
Aim: a sun demon (almost dead, 67% to hit)
The stone arrow hits the sun demon!
The sun demon is almost dead.
The sun demon hits you!
* * * LOW HITPOINT WARNING * * *
You are engulfed in flames!
* * * LOW HITPOINT WARNING * * *
Casting: Stone Arrow (safe; 1% risk of failure)
Confirm with . or Enter, or press ? or * to list all spells.
You don't have enough magic to cast this spell.
Unknown command.
The sun demon hits you but does no damage.
Casting: Stone Arrow (safe; 1% risk of failure)
Confirm with . or Enter, or press ? or * to list all spells.
Aiming: Stone Arrow (safe; 1% risk of failure)
Press: ? - help, Shift-Dir - straight line, f/p - sun demon
Aim: a sun demon (almost dead, 67% to hit)
The stone arrow hits the sun demon.
The sun demon is almost dead.
The sun demon hits you but does no damage.
Unknown command.
The sun demon hits you!
* * * LOW HITPOINT WARNING * * *
You are engulfed in flames!!
You die...

#..§....# #.....# ##......
##.§##.## #≈....#
##.§§.... #..≈§###
##.≈..≈####§......# ##...#
##.....≈#.#.......##
#...####..........§[....##
#...§≈§..........§...####
#...§§...............#
#.§§...§§...........##
#.§.§....3@........##
##.......≈≈##.....##
##.....########### ##...##
#####


You could see a sun demon.

Vanquished Creatures
  3 two-headed ogres (D:9)
  A sun demon (Volcano)
  A gargoyle (D:10)
  2 trolls
  A hornet (D:8)
  Sigmund (D:3)
  A shadow (D:10)
  A fire bat (D:6)
  5 steam dragons
  Eustachio (D:5)
  An acid dragon (D:10)
  5 water moccasins
  2 hell hounds (Volcano)
  5 orc warriors
  A necrophage (D:7)
  3 ice beasts
  2 sky beasts
  2 wolves (D:9)
  An ogre (D:6)
  3 centaurs
  2 phantoms
  A kobold brigand (D:7)
  4 bullfrogs
  A scorpion (D:5)
  A gnoll sergeant (D:9)
  A water moccasin zombie (D:5)
  18 killer bees
  7 wights
  2 electric eels (D:9)
  3 howler monkeys (D:8)
  A gnoll shaman (D:8)
  5 centaur zombies
  5 orc priests
  6 hounds
  2 jellies
  Jessica (D:2)
  3 iguanas
  2 orc wizards
  Terence (D:2)
  A hound zombie (D:5)
  2 hound skeletons (D:4)
  A howler monkey zombie (D:6)
  Robin (D:3)
  11 gnolls
  4 adders
  A howler monkey skeleton (D:5)
  A worm (D:4)
  4 dart slugs
  22 orcs
  9 ball pythons
  5 endoplasms
  5 giant cockroaches
  14 goblins
  9 hobgoblins
  7 jackals
  A quokka (D:1)
  7 bats
  3 frilled lizards
  13 kobolds
  A quokka skeleton (D:4)
  7 rats
237 creatures vanquished.

Vanquished Creatures (others)
  2 fungi
2 creatures vanquished.

Grand Total: 239 creatures vanquished

Notes
Turn   | Place    | Note
-------+----------+-------------------------------------------
     0 | D:1      | AigisTheKnight the Draconian Air Elementalist began the
                  | quest for the Orb.
     0 | D:1      | Reached XP level 1. HP: 14/14 MP: 3/3
   584 | D:1      | Reached XP level 2. HP: 20/20 MP: 5/5
  1167 | D:1      | Reached XP level 3. HP: 26/26 MP: 6/6
  1647 | D:2      | Found a faded altar of an unknown god.
  1728 | D:2      | Learned a level 3 spell: Swiftness
  1832 | D:2      | Noticed Jessica
  1836 | D:2      | Killed Jessica
  1837 | D:2      | Reached XP level 4. HP: 33/33 MP: 2/7
  2179 | D:2      | Noticed Terence
  2220 | D:2      | Killed Terence
  2405 | D:3      | Noticed Sigmund
  2558 | D:3      | Found Izeiliz's Distillery.
  2567 | D:3      | Bought a potion of might for 44 gold pieces
  2624 | D:3      | Killed Sigmund
  2625 | D:3      | Reached skill level 1 in Staves
  2625 | D:3      | Reached XP level 5. HP: 38/38 MP: 2/9
  2625 | D:3      | Reached XP level 6. HP: 45/45 MP: 2/10
  2849 | D:3      | Noticed Robin
  2860 | D:3      | Killed Robin
  3491 | D:4      | You fall into a shaft and drop 2 floors!
  3501 | D:6      | Found a transporter.
  3531 | D:6      | Found Yni Buh's General Store.
  3536 | D:6      | Noticed a sky beast
  3583 | D:5      | Entered Level 5 of the Dungeon
  3622 | D:4      | Found a staircase to the Ecumenical Temple.
  3627 | Temple   | Entered the Ecumenical Temple
  3758 | Temple   | Became a worshipper of Vehumet
  4584 | D:4      | Your scales start taking on a dull iron-grey colour.
  4584 | D:4      | Reached XP level 7. HP: 50/50 MP: 8/12
  4588 | D:4      | Learned a level 3 spell: Stone Arrow
  4701 | D:5      | Reached skill level 1 in Earth Magic
  4972 | D:5      | Noticed Eustachio
  4977 | D:5      | Killed Eustachio
  5081 | D:5      | Noticed Blork the orc
  5393 | D:5      | Reached XP level 8. HP: 56/57 MP: 3/14
  6149 | D:6      | Reached * piety under Vehumet
  6149 | D:6      | Offered knowledge of Freeze by Vehumet.
  6227 | D:6      | Reached skill level 5 in Stealth
  6459 | D:6      | Found a transporter.
  6470 | D:6      | Reached skill level 5 in Conjurations
  6836 | D:7      | Reached skill level 5 in Spellcasting
  6852 | D:7      | Reached XP level 9. HP: 44/61 MP: 2/16
  6950 | D:7      | Noticed an angel
  6951 | D:7      | Found Wupabi Kucs's Hallowed Reliquary.
  6960 | D:7      | Bought a potion of curing for 39 gold pieces
  6960 | D:7      | Bought a potion of heal wounds for 65 gold pieces
  6985 | D:7      | Reached skill level 5 in Dodging
  7283 | D:7      | Reached skill level 5 in Earth Magic
  8211 | D:8      | Offered knowledge of Sandblast by Vehumet.
  8559 | D:8      | Reached ** piety under Vehumet
  8833 | D:8      | Paralysed by a hornet for 2 turns
  9817 | D:9      | Reached XP level 10. HP: 69/69 MP: 13/19
 10001 | D:9      | Noticed a two-headed ogre
 10041 | D:9      | Found Ydioneuz's Weapon Shop.
 10072 | D:9      | Found a staircase to the Orcish Mines.
 10073 | D:9      | Found Joas's Armour Shop.
 10196 | D:9      | Bought a +0 pair of boots of flying for 138 gold pieces
 10419 | D:9      | Found an ornate altar of the Wu Jian Council.
 10445 | D:9      | Offered knowledge of Conjure Flame by Vehumet.
 10729 | D:9      | Found a staircase to the Lair.
 10855 | D:9      | Noticed a two-headed ogre
 10894 | D:9      | Killed a two-headed ogre
 11098 | D:9      | Noticed a two-headed ogre
 11121 | D:9      | Killed a two-headed ogre
 11121 | D:9      | Reached *** piety under Vehumet
 11182 | D:9      | Killed a two-headed ogre
 11594 | D:10     | Entered Level 10 of the Dungeon
 11609 | D:10     | Noticed a gargoyle
 11615 | D:10     | Killed a gargoyle
 11825 | D:10     | Reached XP level 11. HP: 75/75 MP: 6/21
 11855 | D:10     | Reached skill level 1 in Fighting
 11855 | D:10     | Reached skill level 1 in Maces & Flails
 12687 | Lair:1   | Entered Level 1 of the Lair of Beasts
 12838 | Lair:1   | Found a dark tunnel.
 12849 | Volcano  | Entered a volcano
 13092 | Volcano  | Noticed a sun demon
 13099 | Volcano  | Killed a sun demon
 13103 | Volcano  | Noticed a sun demon
 13387 | Volcano  | Noticed a sun demon
 13411 | Volcano  | Mangled by a sun demon

Illustrated notes

Levels and vault maps discovered:
D:1:      wander_arrival_fairy_ring, layout_basic,
          chequers_serial_rivers_micro_d, st_stairs_4, minmay_tree_intersection
D:2:      layout_basic, shapermc_ecumenical_altar_mp_ritualfount,
          kennysheep_generic_room_3, uniq_terence, uniq_jessica
D:3:      layout_basic, serial_shops, shop, supply_closet_lemuel, st_stairs_13,
          uniq_sigmund, uniq_crazy_yiuf_cottage, uniq_robin
D:4:      layout_loops_ring, minmay_temple_entry_proselytizer
D:5:      layout_loops_ring, uniq_eustachio, uniq_blork_the_orc
D:6:      gammafunk_cloud_chamber, layout_basic, serial_shops,
          nicolae_shop_behind_doors
D:7:      layout_basic, nicolae_good_shop
D:8:      layout_basic, interstate_on_off, serial_park_tiny_1
D:9:      layout_roguey, kennysheep_little_box, erik_lair_island, orc_david_3
D:10:     layout_basic
Temple:   mainiacjoe_temple_circle_huts
Lair:1:   layout_regular_city, nicolae_volcano_entry_two_sided
Volcano:  hellmonk_smoking_crater

Skill      XL: |  1  2  3  4  5  6  7  8  9 10 11 |
---------------+----------------------------------+-----
Stealth        | 2 3 4 5 6 7 8 |  8.0
Dodging        | 2 3 4 6 7 |  7.2
Conjurations   | 2 3 4 5 6 7 |  7.8
Staves         | 1 |  1.3
Spellcasting   | 3 4 5 6 7 |  7.4
Air Magic      | 3 |  3.6
Earth Magic    | 2 4 6 8 |  8.3
Fighting       | 2 |  2.1
Maces & Flails | 2 |  2.6

Action                   |  1- 3 |  4- 6 |  7- 9 | 10-12 || total
-------------------------+-------+-------+-------+-------++-------
Melee: Unarmed           |    29 |       |       |       ||    29
       Short sword       |    10 |       |       |       ||    10
       Tailslap          |     6 |     9 |    19 |     9 ||    43
       Quarterstaff      |    75 |    37 |       |       ||   112
       Whip              |       |    55 |   144 |    89 ||   288
       Dire flail        |       |       |       |    28 ||    28
Throw: Dart              |       |       |    31 |    16 ||    47
 Cast: Shock             |    23 |    77 |    55 |    69 ||   224
       Swiftness         |       |     2 |       |     2 ||     4
       Stone Arrow       |       |       |   109 |    92 ||   201
  Use: Potion            |       |     1 |     1 |     1 ||     3
       Scroll            |       |       |       |     4 ||     4
 Stab: Sleeping          |     3 |     5 |     1 |       ||     9
       Distracted        |       |       |     1 |       ||     1
Armor: Skin              |    57 |    49 |    75 |    74 ||   255
Dodge: Dodged            |   120 |    71 |   127 |   285 ||   603

Table legend: (Time is in decaauts)
 A = Elapsed time spent in this place.
 B = Non-inter-level travel time spent in this place.
 C = Inter-level travel time spent in this place.
 D = Time resting spent in this place.
 E = Time spent auto-exploring this place.
 F = Levels seen in this place.
 G = Mean time per level.
                   A        B        C        D        E       F      G
               +--------+--------+--------+--------+--------+-----+--------+
         Total |  13425 |  12604 |    821 |   1427 |   7922 |  13 | 1032.7 |
       Dungeon |  12561 |  11764 |    797 |   1081 |   7817 |  10 | 1256.1 |
        Temple |    156 |    132 |     24 |      0 |    105 |   1 |  156.0 |
          Lair |    163 |    163 |      0 |      0 |      0 |   1 |  163.0 |
       Volcano |    543 |    543 |      0 |    346 |      0 |   1 |  543.0 |
               +--------+--------+--------+--------+--------+-----+--------+

Top non-repeatable levels by time:
     D:8: 1879 daAuts
     D:9: 1728 daAuts
     D:1: 1597 daAuts
     D:7: 1384 daAuts
     D:5: 1257 daAuts
     D:3: 1096 daAuts
     D:6: 988 daAuts
    D:10: 960 daAuts
     D:4: 839 daAuts
     D:2: 830 daAuts
 Volcano: 543 daAuts
  Lair:1: 163 daAuts
  Temple: 156 daAuts
